 Dungeon Crawl Stone Soup version 0.29-a0-838-g385bb11a5b (webtiles) character file.

Game seed: 8703918175911328435

1259 jimonade the Trooper (level 8, -1/64 HPs)
             Began as a Formicid Fighter on July 14, 2022.
             Slain by an orc warrior
             ... wielding a +0 hand axe
              (4 damage)
             ... on level 6 of the Dungeon.
             The game lasted 00:13:39 (7473 turns).

jimonade the Trooper (Formicid Fighter)             Turns: 7473, Time: 00:13:40

Health: -1/64      AC: 12    Str: 26    XL:     8   Next: 81%
Magic:  0/13       EV:  8    Int: 11    God:
Gold:   398        SH:  5    Dex: 13    Spells: 14/14 levels left

rFire   . . .      SeeInvis +   a - +0 long sword
rCold   . . .      Faith    .   c - +0 buckler
rNeg    + . .      Spirit   +   i - +0 chain mail
rPois   .          Reflect  .   (helmet unavailable)
rElec   .          Harm     .   (no cloak)
rCorr   .          Rampage  .   G - +0 pair of gloves
Will    .....                   A - +0 pair of boots
Stlth   ..........              s - amulet of guardian spirit
HPRegen 0.20/turn               P - +6 ring of strength
MPRegen 0.13/turn               p - ring of positive energy

@: mighty
A: permanent stasis, dig shafts and tunnels, antennae 3, four strong arms
a: Dig, Shaft Self


You were on level 6 of the Dungeon.
You visited 1 branch of the dungeon, and saw 6 of its levels.

You collected 398 gold pieces.

Inventory:

Hand Weapons
 a - a +0 long sword (weapon)
 b - a +0 vorpal sling
 q - a +0 spear
 I - a +2 halberd of flaming
 K - a +2 vampiric spear
 M - a +2 dagger of venom
 N - a +1 dagger of protection
Missiles
 j - 24 stones
 m - 7 boomerangs
 H - a throwing net
Armour
 c - a +0 buckler (worn)
 i - a +0 chain mail (worn)
 v - a +0 scale mail
 A - a +0 pair of boots (worn)
 G - a +0 pair of gloves (worn)
Jewellery
 n - a +6 ring of intelligence
 p - a ring of positive energy (right hand)
 s - an amulet of guardian spirit (around neck)
 D - a ring of wizardry
 O - an amulet of regeneration
 P - a +6 ring of strength (left hand)
Wands
 t - a wand of flame (17)
Scrolls
 f - a scroll of fog
 g - 7 scrolls of identify
 k - a scroll of teleportation {unknown}
 o - a scroll of magic mapping
 x - 2 scrolls of amnesia {unknown}
 y - 2 scrolls of brand weapon {unknown}
 E - a scroll of enchant weapon {unknown}
Potions
 d - a potion of might
 h - 2 potions of berserk rage {unknown}
 l - 3 potions of curing
 r - 2 potions of invisibility {unknown}
 u - 3 potions of attraction {unknown}
 w - 2 potions of haste {unknown}
 z - 2 potions of heal wounds {unknown}
 B - 2 potions of mutation {unknown}
 C - a potion of lignification {unknown}
 F - a potion of magic {unknown}
 J - a potion of ambrosia {unknown}
 L - a potion of brilliance {unknown}


   Skills:
 * Level 6.0 Fighting
 + Level 5.8 Long Blades
 + Level 1.0 Ranged Weapons
 + Level 5.9 Armour
 + Level 5.4 Shields
 * Level 3.9 Spellcasting


You had 14 spell levels left.
You didn't know any spells.
Your spell library contained the following spells:

 Spells                   Type           Power      Damage    Failure   Level
 Beastly Appendage        Tmut           4%         N/A       86%         1
 Wereblood                Tmut           2%         N/A       94%         2
 Spider Form              Tmut/Pois      2%         N/A       99%         3


Dungeon Overview and Level Annotations

Branches:
Dungeon (6/15)
 Temple: D:4-7

Altars:
Makhleb

Shops:
D:4 (:

Annotations:
D:6 Grinder


Innate Abilities, Weirdness & Mutations

You cannot be hasted, slowed, berserked, paralysed or teleported.
You can dig through walls and to a lower floor.
You have a pair of large antennae on your head. (SInv)
Your four strong arms can wield two-handed weapons with a shield.


Message History

The orc warrior unwields a +0 arbalest.
The orc warrior wields a +0 hand axe.
The orc warrior hits you with a +0 hand axe!
You hit the ice beast.
The ice beast is severely wounded.
The ice beast hits you but does no damage.
The orc warrior hits you with a +0 hand axe.
You closely miss the ice beast.
The ice beast is severely wounded.
You block the ice beast's attack. The orc warrior barely misses you.
You closely miss the ice beast.
The ice beast is severely wounded.
The ice beast hits you but does no damage.
The orc warrior barely misses you.
You closely miss the ice beast.
The ice beast is severely wounded.
A jelly comes into view.
The orc priest calls down the wrath of Beogh upon you.
Beogh smites you!
* * * LOW HITPOINT WARNING * * *
The ice beast hits you but does no damage.
The orc warrior barely misses you.
Okay, then.
You feel very mighty all of a sudden. You block the ice beast's attack.
You block the orc warrior's attack.
You closely miss the ice beast.
The ice beast is severely wounded.
Grinder blinks!
The ice beast closely misses you. The orc warrior barely misses you.
The ice beast barely misses you.
The orc priest mumbles some strange prayers to Beogh against you.
Beogh smites you!
* * * LOW HITPOINT WARNING * * *
You slash the ice beast!
You kill the ice beast!
The orc warrior hits you but does no damage.
Your Fighting skill increases to level 6!
You hit the ogre.
The ogre is moderately wounded.
You block the orc warrior's attack. The ogre barely misses you.
The orc warrior hits you with a +0 hand axe.
You die...

*****,,**,,,,,,,* *.###.§...###.
,,,,,,***,**,,,** *...<.....§...
,****,* *,***,** **#.{##..#####
,* *,* *,**,,,* #..##....... ,*
*,* *,**,,,* #.{..$..#### ,* *,*
*,**8_8* ##.........# **
*,***,,***** ####..##.## *
*,,,,,,,,,############..#*.#* *
********,,#.@oooo......>#*,#*
*****,,,,,*,,,#O#############***,
,,,**,***,*,,*#J* *, **,**,*
*,*,,,5.* *******, *,**,*
*,*,*###* ********,*,,,,, *,,,,*
*,,,* *,,{**,,*,,,,,, ******
***** *,,,+,****,,,,, *,,,***
**,,,, ***** *****


You could see Grinder, an orc warrior, an ogre, a jelly, an orc priest and 2
orcs.

Vanquished Creatures
  Sigmund (D:3)
  A water moccasin (D:4)
  2 ice beasts
  3 scorpions
  A bullfrog (D:6)
  A gnoll sergeant (D:4)
  A jelly (D:4)
  3 hounds
  A gnoll bouda (D:4)
  3 iguanas
  Robin (D:2)
  7 gnolls
  10 adders
  A white imp (D:5)
  An ufetubus (D:4)
  4 worms
  3 dart slugs
  4 orcs
  5 bats
  7 endoplasms
  3 giant cockroaches
  12 goblins
  6 hobgoblins
  6 jackals
  13 kobolds
  A quokka (D:1)
  9 ball pythons
  3 frilled lizards
  5 rats
118 creatures vanquished.

Vanquished Creatures (others)
  An orc wizard (D:6)
  A bat (D:1)
2 creatures vanquished.

Grand Total: 120 creatures vanquished

Notes
Turn   | Place    | Note
-------+----------+-------------------------------------------
     0 | D:1      | jimonade the Formicid Fighter began the quest for the Orb.
     0 | D:1      | Reached XP level 1. HP: 18/18 MP: 1/1
   182 | D:1      | Reached XP level 2. HP: 24/24 MP: 2/2
   285 | D:1      | Found a faded altar of an unknown god.
   337 | D:1      | Reached XP level 3. HP: 28/30 MP: 4/4
   862 | D:2      | Reached skill level 1 in Spellcasting
  1701 | D:2      | Reached XP level 4. HP: 37/37 MP: 5/5
  2388 | D:2      | Noticed Robin
  2450 | D:2      | Killed Robin
  2451 | D:2      | Reached XP level 5. HP: 12/42 MP: 7/7
  2984 | D:3      | Reached skill level 4 in Fighting
  3057 | D:3      | Noticed Sigmund
  3077 | D:3      | Killed Sigmund
  3078 | D:3      | Reached XP level 6. HP: 33/49 MP: 7/9
  3598 | D:3      | Reached XP level 7. HP: 24/55 MP: 10/10
  4355 | D:4      | Found Zifall's Book Boutique.
  4456 | D:4      | Found Limets's Antique Weapon Boutique.
  4865 | D:4      | Found a burning altar of Makhleb.
  4943 | D:5      | Entered Level 5 of the Dungeon
  4962 | D:4      | Reached skill level 5 in Armour
  5229 | D:4      | Reached skill level 5 in Fighting
  5229 | D:4      | Reached skill level 5 in Shields
  5598 | D:4      | Reached skill level 5 in Long Blades
  5598 | D:4      | Reached skill level 1 in Ranged Weapons
  5598 | D:4      | Reached XP level 8. HP: 42/63 MP: 9/12
  7452 | D:6      | Noticed Grinder
  7471 | D:6      | HP: 3/64 [orc priest/divine providence (9)]
  7473 | D:6      | Reached skill level 6 in Fighting
  7473 | D:6      | Slain by an orc warrior

Illustrated notes

Levels and vault maps discovered:
D:1:      roderic_chinese_lattice_arrival, layout_rooms,
          ebering_ecumenical_altar_sacrificial, chequers_serial_rivers_large_b
D:2:      layout_basic, minmay_heptomino_o4, uniq_robin
D:3:      layout_rooms, hangedman_glass_teeth, uniq_sigmund
D:4:      minmay_bubble_buster, layout_loops_ring, lightli_temple_of_fire,
          serial_shops, nicolae_shop_stone, shop
D:5:      layout_cave_pools
D:6:      layout_basic, old_standard_altar, grunt_gozag_breadcrumbs,
          nicolae_ossuary_entry_monument, dk_noncrumbling_2, uniq_grinder,
          uniq_crazy_yiuf_cottage

Skill      XL: |  1  2  3  4  5  6  7  8 |
---------------+-------------------------+-----
Spellcasting   | 1 2 3 |  3.9
Long Blades    | 3 4 5 |  5.8
Armour         | 4 5 |  5.9
Fighting       | 4 5 6 |  6.0
Shields        | 5 |  5.4
Ranged Weapons | 1 |  1.0

Action                   |  1- 3 |  4- 6 |  7- 9 || total
-------------------------+-------+-------+-------++-------
Melee: Long sword        |    98 |   154 |   281 ||   533
 Fire: Sling             |       |     3 |     5 ||     8
 Abil: Dig               |       |     2 |       ||     2
  Use: Scroll            |       |       |     4 ||     4
       Potion            |       |       |     1 ||     1
Armor: Scale mail        |    34 |       |       ||    34
       Chain mail        |    33 |    98 |   219 ||   350
Dodge: Dodged            |    48 |    47 |   129 ||   224
Block: Buckler           |    28 |    37 |    92 ||   157

Table legend: (Time is in decaauts)
 A = Elapsed time spent in this place.
 B = Non-inter-level travel time spent in this place.
 C = Inter-level travel time spent in this place.
 D = Time resting spent in this place.
 E = Time spent auto-exploring this place.
 F = Levels seen in this place.
 G = Mean time per level.
                   A        B        C        D        E       F      G
               +--------+--------+--------+--------+--------+-----+--------+
         Total |   7630 |   7369 |    261 |   2116 |   3786 |   6 | 1271.7 |
       Dungeon |   7630 |   7369 |    261 |   2116 |   3786 |   6 | 1271.7 |
               +--------+--------+--------+--------+--------+-----+--------+

Top non-repeatable levels by time:
     D:4: 2302 daAuts
     D:2: 2160 daAuts
     D:3: 1367 daAuts
     D:1: 875 daAuts
     D:5: 838 daAuts
     D:6: 85 daAuts
